 Dungeon Crawl Stone Soup version 0.23.0 (webtiles) character file.

Game seed: 8339418398046841146

798 Folque the Conjurer (level 7, -17/36 HPs)
             Began as a Deep Elf Air Elementalist on Feb 18, 2019.
             Demolished by an ogre
             ... wielding a +0 giant club
              (31 damage)
             ... on level 4 of the Dungeon.
             The game lasted 00:18:30 (3916 turns).

Folque the Conjurer (Deep Elf Air Elementalist)     Turns: 3916, Time: 00:18:31

Health: -17/36     AC:  3    Str:  5    XL:     7   Next: 58%
Magic:  5/17       EV: 14    Int: 27    God:
Gold:   330        SH:  0    Dex: 15    Spells: 2/16 levels left

rFire    + . .     SeeInvis +   w - +2 trident of Accord {freeze, *Contam rElec rPois rC+} (curse)
rCold    + . .     Gourm    .   (no shield)
rNeg     . . .     Faith    .   a - +0 robe
rPois    +         Spirit   .   (no helmet)
rElec    +         Reflect  .   (no cloak)
rCorr    .         Harm     .   (no gloves)
MR       .....                  s - +0 pair of boots
Stlth    ++........             (no amulet)
HPRegen  0.12/turn              q - ring of protection from fire
MPRegen  0.15/turn              v - ring of see invisible

@: brilliant, sluggish, very slow
A: no striking features
a: no special abilities


You were on level 4 of the Dungeon.
You were near starving.

You visited 1 branch of the dungeon, and saw 4 of its levels.

You collected 330 gold pieces.

Inventory:

Hand Weapons
 d - a +0 short sword
 g - a +2 whip of venom
 t - a +0 blowgun
 w - the cursed +2 trident of Accord (weapon) {freeze, *Contam rElec rPois rC+}
   (You found it on level 4 of the Dungeon)

   It has been specially enchanted to freeze those struck by it, causing extra
   injury to most foes and up to half again as much damage against particularly
   susceptible opponents.
   It can also slow down cold-blooded creatures.
   It protects you from cold.
   It insulates you from electricity.
   It protects you from poison.
   It causes magical contamination when unequipped.
   It has a curse placed upon it.
Missiles
 f - 4 tomahawks (quivered)
 u - 8 poisoned needles
Armour
 a - a +0 robe (worn)
 r - a +0 leather armour
 s - a +0 pair of boots (worn)
Jewellery
 q - a ring of protection from fire (left hand)
 v - a ring of see invisible (right hand)
Scrolls
 e - a scroll of remove curse
 h - 3 scrolls of identify
 i - 2 scrolls of enchant armour {unknown}
 j - 2 scrolls of fear {unknown}
 k - 2 scrolls of teleportation {unknown}
 l - 2 scrolls of amnesia {unknown}
 m - a scroll of fog {unknown}
 n - a scroll of noise {unknown}
 o - a scroll of blinking {unknown}
Potions
 b - a potion of haste
 p - a potion of might
Comestibles
 c - 5 rations


   Skills:
 + Level 4.0 Dodging
 - Level 2.4 Stealth
 - Level 5.4 Spellcasting
 * Level 5.9 Conjurations
 - Level 1.6 Charms
 * Level 5.4 Air Magic


You had 2 spell levels left.
You knew the following spells:

 Your Spells              Type           Power        Failure   Level  Hunger
a - Shock                 Conj/Air       ####         1%          1    None
b - Swiftness             Chrm/Air       #####...     1%          2    None
c - Static Discharge      Conj/Air       ######..     1%          3    #......
d - Conjure Flame         Conj/Fire      #####...     1%          3    #......
e - Lightning Bolt        Conj/Air       ######....   2%          5    #####..

Your spell library contained the following spells:

 Spells                   Type           Power        Failure   Level  Hunger
 Magic Dart               Conj           ####         1%          1    None
 Blink                    Tloc           N/A          1%          2    None
 Call Imp                 Summ           ###.....     1%          2    None
 Slow                     Hex            ###.....     1%          2    None
 Mephitic Cloud           Conj/Pois/Air  #####...     1%          3    #......
 Airstrike                Air            ######....   1%          4    ###....


Dungeon Overview and Level Annotations

Branches:
Dungeon (4/15)
 Temple: D:4-7

Altars:
Ashenzari
Trog
Wu Jian

Annotations:
D:4 Sigmund


Message History

Press: ? - help, Shift-Dir - straight line The zap hits the ogre.
The ogre is heavily wounded.
The zap hits the ogre.
The ogre is severely wounded.
The ogre barely misses you.
Casting: Shock (safe; 1% risk of failure)
Confirm with . or Enter, or press ? or * to list all spells.
Aiming: Conjure Flame (safe; 1% risk of failure)
Press: ? - help, Dir - move target cursor, f - ogre
Aim: an ogre, wielding a +0 giant club (severely wounded)
Okay, then.
Casting: Conjure Flame (safe; 1% risk of failure)
Confirm with . or Enter, or press ? or * to list all spells.
You don't have enough magic to cast that spell.
Your magical contamination has completely faded away.
The ogre misses you.
The ogre hits you with a +0 giant club!!
Ouch! That really hurt!
You die...

#########.........#
##........#
##.......##
##.......##
#........##
#.........##
##...........
#............
#....@###. #...O.#
##..@..# #.....##
##...### ##.ยง###
##..## ##..##
##..##


You could see Sigmund (invisible) and an ogre.

Vanquished Creatures
  3 eyes of draining (D:3)
  A phantom (D:4)
  An ogre (D:4)
  A centaur skeleton (D:4)
  An iguana (D:4)
  3 orc wizards
  2 worker ants (D:4)
  8 adders
  A howler monkey skeleton (D:4)
  4 worms
  2 dart slugs
  3 leopard geckos
  9 orcs
  3 giant cockroaches (D:3)
  12 goblins
  4 hobgoblins
  11 kobolds
  2 quokkas
  2 ball pythons (D:2)
  8 bats
  6 frilled lizards
  A quokka skeleton (D:4)
  7 rats
95 creatures vanquished.

Notes
Turn   | Place    | Note
-------+----------+-------------------------------------------
     0 | D:1      | Folque the Deep Elf Air Elementalist began the quest for
                  | the Orb.
     0 | D:1      | Reached XP level 1. HP: 10/10 MP: 6/6
   134 | D:1      | Reached XP level 2. HP: 15/15 MP: 5/8
   680 | D:2      | Found a shattered altar of Ashenzari.
   783 | D:2      | Reached XP level 3. HP: 3/19 MP: 6/10
  1080 | D:2      | Learned a level 2 spell: Swiftness
  1084 | D:2      | Learned a level 3 spell: Static Discharge
  1088 | D:2      | Learned a level 3 spell: Conjure Flame
  1876 | D:3      | Reached XP level 4. HP: 22/24 MP: 11/11
  1878 | D:3      | Noticed an eye of draining
  1964 | D:3      | Killed an eye of draining
  1964 | D:3      | Reached XP level 5. HP: 28/28 MP: 0/13
  1964 | D:3      | Noticed an eye of draining
  1967 | D:3      | Noticed an eye of draining
  1997 | D:3      | Killed an eye of draining
  2024 | D:3      | Killed an eye of draining
  2024 | D:3      | Reached skill level 5 in Spellcasting
  2024 | D:3      | Reached skill level 5 in Conjurations
  2024 | D:3      | Reached XP level 6. HP: 32/32 MP: 0/15
  2234 | D:3      | Found a faded altar of an unknown god.
  2486 | D:3      | Found a bloodstained altar of Trog.
  2548 | D:3      | Found an ornate altar of the Wu Jian Council.
  2797 | D:4      | Reached skill level 1 in Charms
  3098 | D:4      | Reached XP level 7. HP: 35/36 MP: 14/17
  3284 | D:4      | Learned a level 5 spell: Lightning Bolt
  3317 | D:4      | Reached skill level 5 in Air Magic
  3827 | D:4      | Got a warped trident
  3828 | D:4      | Identified the cursed +2 trident of Accord {freeze, *Contam
                  | rElec rPois rC+} (You found it on level 4 of the Dungeon)
  3885 | D:4      | Noticed Sigmund
  3916 | D:4      | Demolished by an ogre

Skill      XL: |  1  2  3  4  5  6  7 |
---------------+----------------------+-----
Conjurations   | 2 3 4 5 |  5.9
Spellcasting   | 4 5 |  5.4
Air Magic      | 4 5 |  5.4
Dodging        | 3 4 |  4.0
Charms         | 1 |  1.6
Stealth        | |  2.4

Action                   |  1- 3 |  4- 6 |  7- 9 || total
-------------------------+-------+-------+-------++-------
Melee: Short sword       |    40 |       |       ||    40
       Unarmed           |     5 |       |       ||     5
       Whip              |    31 |    78 |    25 ||   134
 Cast: Shock             |    38 |    35 |    25 ||    98
       Static Discharge  |       |     2 |     3 ||     5
       Lightning Bolt    |       |       |     3 ||     3
       Conjure Flame     |       |       |     2 ||     2
       Swiftness         |       |       |     1 ||     1
  Use: Potion            |     1 |       |     1 ||     2
       Scroll            |       |     3 |     2 ||     5
 Stab: Sleeping          |     1 |     3 |       ||     4
  Eat: Chunk             |     3 |     3 |     3 ||     9
Armor: Robe              |    10 |    14 |     4 ||    28
Dodge: Dodged            |    68 |    32 |    27 ||   127
